[Event "Early-Titled-Tuesday-Blitz-October-10-2023"]
[Site "Chess.com"]
[Date "2023.10.10"]
[Round "11"]
[White "PatzerSmashers"]
[Black "ferrufino64"]
[Result "1-0"]
[WhiteElo "2420"]
[BlackElo "2215"]
[TimeControl "180+1"]
[EndTime "10:05:26 PDT"]
[Termination "PatzerSmashers won by resignation"]

1. e4 c5 2. Ne2 d6 3. g3 Nf6 4. Bg2 Nc6 5. c3 g6 6. d4 cxd4 7. cxd4 Bg7 8. O-O O-O 9. Nbc3 Re8 10. h3 Bd7 11. Be3 Rc8 12. f4 Nh5 13. g4 Nf6 14. e5 dxe5 15. dxe5 Nxg4 16. hxg4 Bxg4 17. Qxd8 Rexd8 18. Rad1 Be6 19. Bxc6 bxc6 20. Bxa7 Ra8 21. Rxd8+ Rxd8 22. Rd1 Ra8 23. Bb6 Bg4 24. Rd8+ Rxd8 25. Bxd8 f6 26. Bc7 Kf7 27. Nd4 Bd7 28. a4 c5 29. Nb3 fxe5 30. Bxe5 Bf8 31. Nxc5 Bc6 32. Kf2 e6 33. Bd4 h5 34. a5 h4 35. a6 Bd6 36.
Ne2 g5 37. Be3 g4 38. b4 g3+ 39. Nxg3 hxg3+ 40. Kxg3 e5 41. a7 exf4+ 42. Bxf4 Bxc5 43. bxc5 Ke6 44. Bc7 Kd5 45. Bb6 Kc4 46. Kf4 Kb5 47. Ke5 Ka6 48. Kd6 Ba8 49. Kc7 Kb5 50. Kb8 Bc6 51.
a8=Q Bxa8 52. Kxa8 Kc6 53. Kb8 Kd7 54. Kb7 1-0

[Event "Early-Titled-Tuesday-Blitz-October-10-2023"]
[Site "Chess.com"]
[Date "2023.10.10"]
[Round "11"]
[White "Korchmar_Vasiliy"]
[Black "DrVelja"]
[Result "0-1"]
[WhiteElo "2754"]
[BlackElo "2855"]
[TimeControl "180+1"]
[EndTime "10:05:27 PDT"]
[Termination "DrVelja won on time"]

1. e4 c5 2. d4 cxd4 3. Qxd4 Nc6 4. Qd3 Nf6 5. Nc3 g6 6. Nf3 Bg7 7. Be2 O-O 8. O-O d6 9. Nd5 Nd7 10. c3 Nc5 11. Qc2 f5 12. exf5 gxf5 13. Rd1 e6 14.
Nf4 Qe7 15. Nh5 Ne4 16. Bd3 d5 17. Nxg7 Qxg7 18. Bb5 f4 19. Bd3 e5 20. Bxe4 dxe4 21. Qxe4 Bf5 22. Qc4+ Kh8 23. Nd2 Rad8 24. Re1 Rg8 25. g3 Rd3 26. Ne4 Rgd8 27. b3 Qg4 28. Ba3 Be6 29. Qc5 R3d5 30. Qc4 Rd1 31. Qf1 fxg3 32.
Nxg3 R1d2 33. Bc5 Bd5 34. Be3 Rc2 35. c4 Bf3 36. Rac1 Rxa2 37. Ra1 Rb2 38. Rab1 Rxb1 39. Rxb1 h5 40. b4 h4 41. b5 Nd4 42. Bxd4 Rxd4 43.
Qe1 Qg5 44. c5 hxg3 45. fxg3 Rd2 46. Qf1 Qe3+ 0-1

[Event "Early-Titled-Tuesday-Blitz-October-10-2023"]
[Site "Chess.com"]
[Date "2023.10.10"]
[Round "11"]
[White "Leonid_Starozhilov"]
[Black "Zq1"]
[Result "1/2-1/2"]
[WhiteElo "2743"]
[BlackElo "2549"]
[TimeControl "180+1"]
[EndTime "10:05:27 PDT"]
[Termination "Game drawn by repetition"]

1. e4 c5 2. Nf3 d6 3. Bb5+ Bd7 4. c4 Nc6 5. O-O Nf6 6. Nc3 g6 7. d4 cxd4 8. Nxd4 Bg7 9. Bxc6 bxc6 10. f3 Qb6 11.
Na4 Qb4 12. b3 O-O 13. Bb2 c5 14. Nc2 Qa5 15. Bc3 Qc7 16. Nb2 a5 17. a4 Rab8 18.
Na3 Nh5 19. Bxg7 Nxg7 20. Nb5 Qb6 21. Kh1 Ne6 22. Qd3 Nd4 23. Nd1 e6 24. Ne3 Bc6 25.
Rad1 Rfd8 26. Ng4 h5 27. Ne3 d5 28. exd5 exd5 29. Nxd4 cxd4 30. Qxd4 Qxd4 31. Rxd4 Rxb3 32. Nxd5 Kg7 33. Ra1 Re8 34. Re4 Rd8 35. Re5 Bxd5 36. cxd5 Rd3 37. h4 R8xd5 38. Rxd5 Rxd5 39. Kh2 Rd4 40. Kh3 Rb4 41. g3 Kf6 42. Ra2 g5 43. hxg5+ Kxg5 44. Ra3 f5 45. f4+ Kg6 46. Rc3 Rxa4 47.
Rc6+ Kf7 48. Kh4 Ra3 49. Ra6 a4 50. Kxh5 Rxg3 51. Rxa4 Rg4 52. Rb4 Kf6 53. Ra4 Kf7 54. Rb4 Kf6 55. Ra4 Kf7 1/2-1/2

[Event "Early-Titled-Tuesday-Blitz-October-10-2023"]
[Site "Chess.com"]
[Date "2023.10.10"]
[Round "11"]
[White "rikchessmx"]
[Black "Flaccidmoves"]
[Result "1-0"]
[WhiteElo "2327"]
[BlackElo "2418"]
[TimeControl "180+1"]
[EndTime "10:05:33 PDT"]
[Termination "rikchessmx won on time"]

1. e4 e5 2. Nf3 Nf6 3. Nc3 Bc5 4. Bc4 d6 5. d3 Nc6 6. h3 Be6 7. Bb5 O-O 8. O-O Nd4 9. Nxd4 Bxd4 10. Ne2 Bb6 11. c3 d5 12. exd5 Nxd5 13. Bc4 Qd6 14. a4 a5 15. Ng3 f5 16. Qb3 Kh8 17. Bd2 Rad8 18. Rae1 Bg8 19. Bg5 Rde8 20. Kh1 h6 21. Bc1 Kh7 22. Ne2 f4 23. Ng1 Ne7 24. Bxg8+ Rxg8 25. Qc4 Nf5 26. Nf3 Kh8 27. Qe4 Rgf8 28. Nxe5 Qf6 29. Bxf4 Nd6 30. Ng6+ Kg8 31. Ne7+ Rxe7 32. Qxe7 Qxf4 33. d4 Qf7 34. Qxf7+ Rxf7 35. b3 c6 36. g3 Bc7 37. Kg2 Kf8 38. f4 Re7 39. Rxe7 Kxe7 40. Kf3 g6 41. g4 Kf6 42. h4 Nf7 43. Re1 Nd6 44. g5+ hxg5 45. hxg5+ Kf7 46. Rh1 Kg7 47. Re1 Nf5 48. Re8 Bd6 49. Ra8 Ba3 50.
Rxa5 Bb2 51. Ra7 Bxc3 52. Rxb7+ Kf8 53. Ke4 Bxd4 54. Rc7 c5 55. a5 Nd6+ 56. Kd5 Nb5 57. Rc8+ Ke7 58. Rb8 Nc7+ 59. Kc6 1-0

[Event "Early-Titled-Tuesday-Blitz-October-10-2023"]
[Site "Chess.com"]
[Date "2023.10.10"]
[Round "11"]
[White "Witty_Alien"]
[Black "Juicy_Fork"]
[Result "0-1"]
[WhiteElo "2231"]
[BlackElo "2433"]
[TimeControl "180+1"]
[EndTime "10:05:33 PDT"]
[Termination "Juicy_Fork won on time"]

1. e4 e5 2. d4 exd4 3. c3 Nf6 4. Bd3 dxc3 5. Nxc3 d6 6. Nf3 Be7 7. Bg5 O-O 8. Qd2 c6 9. O-O-O b5 10. Kb1 b4 11. Ne2 a5 12. h4 Na6 13. Rh3 Bxh3 14. gxh3 Nc5 15. Rg1 Nfxe4 16. Bxe4 Nxe4 17. Qd4 Nxg5 18. hxg5 Re8 19. Nf4 a4 20. Nh5 Bf8 21. Nf6+ Kh8 22.
Qh4 gxf6 23. gxf6 Qd7 24. Qg5 Bh6 25. Qxh6 Qf5+ 26. Ka1 Rg8 27. Ng5 Ra7 28. Rg4 a3 29.
Ne6 axb2+ 30. Kxb2 Rxg4 31. hxg4 Qe5+ 32. Kb1 Qe4+ 33.
Kb2 Qe2+ 34. Kc1 Qc4+ 35. Kd1 Qd5+ 36. Kc1 Qc4+ 37. Kd1 Qd3+ 38. Kc1 Qg6 39. Qf8+ Qg8 40. Qxd6 fxe6 41. Qc5 Rc7 42. Qe5 Qf7 43. g5 c5 44.
g6 hxg6 45. Qh2+ Kg8 46. Qe5 Rc8 47. Qe3 c4 48. f4 b3 49. axb3 cxb3+ 50. Kb2 Qxf6+ 51.
Kxb3 Rb8+ 52. Ka4 Qa1+ 0-1

[Event "Early-Titled-Tuesday-Blitz-October-10-2023"]
[Site "Chess.com"]
[Date "2023.10.10"]
[Round "11"]
[White "Byniolus"]
[Black "LeoLV10"]
[Result "0-1"]
[WhiteElo "2705"]
[BlackElo "2574"]
[TimeControl "180+1"]
[EndTime "10:05:36 PDT"]
[Termination "LeoLV10 won by resignation"]

1. d4 Nf6 2. Nf3 e6 3. Bf4 d5 4. e3 Be7 5. Nbd2 c5 6. c3 Nc6 7.
Bd3 Nh5 8. Be5 Nxe5 9. dxe5 g6 10. Qe2 Bd7 11. O-O-O a6 12. g4 Ng7 13. h4 h5 14. g5 Qa5 15. Kb1 b5 16. e4 O-O 17.
Bc2 Rab8 18. exd5 exd5 19. Nb3 Qc7 20. Rxd5 Be6 21. Rdd1 a5 22. Nbd2 a4 23. Ne4 b4 24.
Bxa4 bxc3 25. Nxc3 Qa5 26. Bb5 c4 27. a4 Bb4 28. Ne4 Rxb5 29. axb5 Ra8 30. Nd4 Qa1+ 31. Kc2 Qa4+ 32. Kb1 c3 33. Nxc3 Bxc3 34. bxc3 Qa1+ 35. Kc2 Qa2+ 36. Kd3 Bc4+ 37. Ke3 Bxe2 38. Nxe2 Nf5+ 39.
Kf3 Qc4 40. Ng3 Qxc3+ 41. Kg2 Qxe5 42. Nxf5 Qxf5 43. Rb1 Rb8 44. b6 Qd5+ 45. Kh2 Qd6+ 46. Kg2 Rxb6 47. Rbd1 Qc6+ 48. Kg3 Rb3+ 49. Kh2 Qc7+ 50.
Kg2 Qb7+ 51. Kh2 Qb8+ 52. Kg2 Qa8+ 53. Kh2 Rf3 54. Rd2 Rf4 55. Kg1 Rg4+ 56. Kf1 Qxh1+ 57.
Ke2 Re4+ 0-1

[Event "Early-Titled-Tuesday-Blitz-October-10-2023"]
[Site "Chess.com"]
[Date "2023.10.10"]
[Round "11"]
[White "MatthewG-p4p"]
[Black "Aswathchess"]
[Result "1-0"]
[WhiteElo "2809"]
[BlackElo "2629"]
[TimeControl "180+1"]
[EndTime "10:05:37 PDT"]
[Termination "MatthewG-p4p won by resignation"]

1. e4 g6 2. d4 Bg7 3. Nc3 a6 4.
Nf3 b5 5. Bd3 Bb7 6. Be3 d6 7.
O-O Nd7 8. a4 b4 9. Ne2 Ngf6 10.
Ng3 O-O 11. a5 e5 12. dxe5 dxe5 13. Qe2 Qe7 14. Nd2 Nc5 15. Rac1 Rfd8 16. f3 Bc6 17. Nc4 Bb5 18. b3 Nfd7 19. Qf2 Nxd3 20. cxd3 Bf8 21. Nb2 Qe6 22. Qc2 Rac8 23. Rfd1 h5 24. Nf1 c5 25. Bf2 Nb8 26. Ne3 Nc6 27. Nd5 Nxa5 28. Bh4 Rd6 29. Nc4 Bxc4 30. dxc4 Nc6 31. Bf2 Bh6 32.
Ra1 Nd4 33. Bxd4 exd4 34. Qd3 h4 35. Re1 Qe5 36. Ra5 Kg7 37. Rf1 Bf4 38. Kh1 Re8 39. Rxc5 g5 40. h3 f5 41. Nc7 Qxc5 42. Nxe8+ Kf7 43.
Nxd6+ Qxd6 44. exf5 Qe5 45. Ra1 a5 46. Rd1 Be3 47. Qe4 Kf6 48. c5 Qxc5 49. Qe6+ Kg7 50. Qg6+ Kf8 51. f6 Qc7 52. Qh6+ Ke8 53. Qh8+ Kd7 54.
Qg7+ Kc8 55. Qxc7+ Kxc7 56. f7 1-0

[Event "Early-Titled-Tuesday-Blitz-October-10-2023"]
[Site "Chess.com"]
[Date "2023.10.10"]
[Round "11"]
[White "howitzer14"]
[Black "dosto07"]
[Result "0-1"]
[WhiteElo "2991"]
[BlackElo "2530"]
[TimeControl "180+1"]
[EndTime "10:05:39 PDT"]
[Termination "dosto07 won by resignation"]

1. d4 d5 2. Bf4 Nf6 3. e3 c5 4.
Nd2 Nc6 5. Ngf3 cxd4 6. exd4 Qb6 7. Nb3 Bf5 8. Bd3 Bxd3 9. Qxd3 Rc8 10. c3 e6 11. O-O Be7 12. Rfe1 O-O 13. Re2 Ne4 14. Rae1 a5 15. h4 h6 16. g3 Rfd8 17. Kg2 Bd6 18. Bc1 a4 19. Nbd2 Nxd2 20. Bxd2 Qa6 21. Qb1 Na5 22. a3 Nc4 23. Bc1 Qb6 24. Qd3 Qb5 25.
Rd1 Qb3 26. h5 Re8 27. g4 Rcd8 28. g5 hxg5 29. Nxg5 f5 30. Nxe6 Rd7 31. Rde1 Rde7 32. Qxf5 Qb6 33. Qxd5 Qc6 34. Qxc6 bxc6 35. f4 Rb8 36.
Ng5 Rxe2+ 37. Rxe2 Rf8 38. Kf3 Nb6 39. Kg4 Nd5 40.
Ne6 Rb8 41. f5 Nf6+ 42. Kh4 Rb5 43. Rg2 Rxf5 44. Nxg7 Rf1 45. Ne8+ Kf8 46. Nxd6 Rxc1 47. Rf2 Ke7 48. Nf5+ Ke6 49. h6 Rh1+ 50. Kg3 Ne4+ 51. Kg2 Nxf2 52. Ng7+ Kf7 53. Kxf2 Rxh6 54. Nf5 Rf6 55.
Ke3 Rxf5 56. c4 Rf1 57. Kd3 Rc1 58. d5 cxd5 59. cxd5 Ke7 60. Kd2 Rc5 61. Kd3 Kd6 62. b4 axb3 0-1

[Event "Early-Titled-Tuesday-Blitz-October-10-2023"]
[Site "Chess.com"]
[Date "2023.10.10"]
[Round "11"]
[White "AnaKuchava"]
[Black "mortngabriel"]
[Result "1/2-1/2"]
[WhiteElo "2261"]
[BlackElo "2483"]
[TimeControl "180+1"]
[EndTime "10:05:39 PDT"]
[Termination "Game drawn by repetition"]

1. d4 Nf6 2. Nf3 c5 3. d5 b5 4.
g3 d6 5. Bg2 g6 6. O-O Bg7 7.
a4 b4 8. Re1 O-O 9. e4 Nbd7 10.
Nbd2 a5 11. Nc4 Ba6 12. Nfd2 Nb6 13. Nxa5 Re8 14. Nc6 Qc7 15. a5 Nc4 16. Nxc4 Bxc4 17. Bf1 Bxf1 18. Kxf1 Nd7 19. Qd3 Ne5 20. Qb5 Nxc6 21.
Qxc6 Qxc6 22. dxc6 Rec8 23. Bg5 Bxb2 24. Ra2 Bc3 25. Rd1 f6 26. Bd2 Bxd2 27. Rxd2 Rxc6 28. Rd1 Rca6 29. Rda1 Kf7 30. Ke2 Ke6 31. Kd3 Kd7 32.
Kc4 Kc6 33. f4 e6 34. c3 d5+ 35. exd5+ exd5+ 36. Kb3 Kb5 37. cxb4 cxb4 38. Rd1 Rd8 39. Rd4 Rxa5 40. Rxb4+ Ka6 41. Rxa5+ Kxa5 42. Rb7 Rd6 43. Kc3 h5 44. Kd4 Ka6 45. Rb8 f5 46. Rb2 Rd8 47.
Ra2+ Kb5 48. Rc2 Kb4 49. Rc1 Kb3 50. Rc6 h4 51. Rxg6 hxg3 52. hxg3 Kb4 53. Rf6 Rg8 54.
Rxf5 Rxg3 55. Kxd5 Kb5 56. Ke5 Kc6 57. Rf7 Re3+ 58.
Kf5 Kd6 59. Rf8 Ke7 60. Ra8 Kf7 61. Ra7+ Kg8 62. Kg6 Rg3+ 63. Kf6 Rf3 64. f5 Rf1 65. Ra8+ Kh7 66. Ke6 Kg7 67. Ra7+ Kf8 68. Kf6 Kg8 69. Ra8+ Kh7 70. Rf8 Ra1 71. Rf7+ Kg8 72. Rb7 Rf1 73. Rb8+ Kh7 74. Rb7+ Kg8 75. Rb8+ Kh7 76. Rb7+ Kg8 1/2-1/2

[Event "Early-Titled-Tuesday-Blitz-October-10-2023"]
[Site "Chess.com"]
[Date "2023.10.10"]
[Round "11"]
[White "DonJuanEGenaro"]
[Black "ZeGood_ZeBad_ZeUgly"]
[Result "1-0"]
[WhiteElo "1915"]
[BlackElo "2328"]
[TimeControl "180+1"]
[EndTime "10:05:40 PDT"]
[Termination "DonJuanEGenaro won by resignation"]

1. Nf3 Nf6 2. d4 d5 3. c4 c6 4. cxd5 cxd5 5. Nc3 Nc6 6. Bf4 e6 7. e3 Bd6 8. Bxd6 Qxd6 9. Be2 O-O 10. O-O Bd7 11. a3 Na5 12. Ne5 Rac8 13. Rc1 Be8 14. b4 Nc6 15. Nb5 Qb8 16. Nxc6 Bxc6 17. Qb3 Bxb5 18.
Bxb5 a6 19. Bd3 Qd6 20. Rc5 Nd7 21. Rc2 Rc7 22. Rfc1 Rfc8 23. h4 g6 24. h5 f5 25.
hxg6 hxg6 26. a4 Nf6 27. Rc5 Ng4 28. g3 b6 29. Rxc7 Rxc7 30. Rxc7 Qxc7 31. Kg2 Qh7 32.
Kf3 Qh2 33. Qc2 e5 34. dxe5 Nxe5+ 35. Ke2 Qh5+ 36. Kd2 Nf3+ 37. Kc3 Qh8+ 38. Kb3 Qf6 39. Qc8+ Kg7 40. Qc7+ Kh6 41. Qf4+ Ng5 42. Qh4+ Kg7 43.
f4 Ne4 44. Qxf6+ Kxf6 45. Bxe4 fxe4 46. g4 Ke6 47. Kc3 Kd6 48. Kd4 Ke6 49. f5+ gxf5 50. gxf5+ Kxf5 51. Kxd5 Kf6 52. Kxe4 Ke6 53. Kd4 Kd6 54.
e4 Ke6 55. e5 a5 56. bxa5 bxa5 57. Ke4 Ke7 58. Kd5 Kd7 59. e6+ Ke7 60. Ke5 Kd8 61. Kd6 Ke8 62. e7 1-0

[Event "Early-Titled-Tuesday-Blitz-October-10-2023"]
[Site "Chess.com"]
[Date "2023.10.10"]
[Round "11"]
[White "TigrVShlyape"]
[Black "Eagle_2019"]
[Result "1-0"]
[WhiteElo "2932"]
[BlackElo "2733"]
[TimeControl "180+1"]
[EndTime "10:05:41 PDT"]
[Termination "TigrVShlyape won by resignation"]

1. e4 c5 2. Nc3 e6 3. f4 d5 4. Bb5+ Bd7 5. a4 dxe4 6. Nxe4 a6 7. Bxd7+ Qxd7 8. Nf3 Nc6 9. d3 Be7 10. Ne5 Nxe5 11.
fxe5 Qd5 12. Bf4 f5 13. exf6 Nxf6 14. Qe2 Nxe4 15. dxe4 Qc6 16. O-O O-O 17. Be5 c4 18. Bd4 Rxf1+ 19. Rxf1 Rf8 20. Rxf8+ Bxf8 21. b3 cxb3 22.
cxb3 Qc1+ 23. Kf2 Qf4+ 24. Kg1 Qc1+ 25. Kf2 Qf4+ 26. Kg1 e5 27. Qc4+ Kh8 28. Bb6 h6 29. h3 Kh7 30. Qd5 Qc1+ 31. Kf2 Qf4+ 32. Ke2 Qg3 33.
Kf1 Qf4+ 34. Bf2 b5 35. axb5 axb5 36. Ke2 b4 37. g3 Qc1 38. Be3 Qc2+ 39. Kf3 Qc3 40.
Ke2 Qc2+ 41. Bd2 Qb2 42. h4 Qb1 43. Be3 Qh1 44. Qxe5 Qg2+ 45. Bf2 Qh1 46. Qf5+ Kg8 47. h5 Qb1 48. Qd5+ Kh7 49. Kf3 Qc2 50. g4 Qc3+ 51. Kg2 Be7 52. e5 Bg5 53. e6 Qc2 54. Qf5+ Qxf5 55. gxf5 Be7 56. Kf3 Kg8 57. Ke4 Kf8 58. Kd5 Ke8 59. Bc5 Bf6 60. Bxb4 Bg5 61. Bd6 Bd2 62. b4 1-0

[Event "Early-Titled-Tuesday-Blitz-October-10-2023"]
[Site "Chess.com"]
[Date "2023.10.10"]
[Round "11"]
[White "astralpulse"]
[Black "bazar-wokzal"]
[Result "1/2-1/2"]
[WhiteElo "2713"]
[BlackElo "2564"]
[TimeControl "180+1"]
[EndTime "10:05:41 PDT"]
[Termination "Game drawn - insufficient material"]

1. Nf3 c5 2. e3 g6 3. d4 Bg7 4.
c3 Nf6 5. Nbd2 O-O 6. Bd3 b6 7. Qe2 Bb7 8. O-O d6 9. b3 Nbd7 10. Bb2 Re8 11. e4 e5 12. dxe5 dxe5 13. Rfd1 Qc7 14.
a4 Nf8 15. a5 Ne6 16. g3 Nh5 17. Qf1 Rad8 18. Bb5 Bc6 19. axb6 axb6 20. Qe2 Ra8 21. Nf1 Bxb5 22. Qxb5 Nf6 23. N3d2 Ng5 24. f3 h5 25. Ne3 h4 26. Qe2 Nh5 27. Ndf1 Qc6 28. Nd5 Rxa1 29. Rxa1 Nf6 30. c4 Nxd5 31. cxd5 Qd7 32. Ra6 Rb8 33. Bc1 Nh7 34. Ne3 hxg3 35. hxg3 Bh6 36. Bd2 b5 37. Ng4 Bxd2 38. Qxd2 Qe7 39. Kg2 c4 40. b4 Rc8 41. Rc6 Ra8 42. d6 Qe6 43. Rc7 c3 44. Rxc3 Ra2 45. Rc2 Rxc2 46. Qxc2 Qxd6 47. Qc5 Qxc5 48.
bxc5 Kf8 49. Nxe5 b4 50. Nd3 b3 51. Kf2 Ke7 52. Ke3 Kd7 53. f4 Nf6 54. Kd4 Nh5 55. Ne5+ Ke6 56. Kc3 Nxg3 57. c6 Nxe4+ 58. Kxb3 Kd6 59.
Kc4 Nf6 60. Kb5 Nd5 61. Nxf7+ Kc7 62. Ng5 Nxf4 63. Kc5 Nd3+ 64. Kd5 Nb4+ 65. Ke6 Nxc6 66. Kf6 Kd6 67. Kxg6 1/2-1/2

[Event "Early-Titled-Tuesday-Blitz-October-10-2023"]
[Site "Chess.com"]
[Date "2023.10.10"]
[Round "11"]
[White "RodTwinkz"]
[Black "masterofpuppets2"]
[Result "1/2-1/2"]
[WhiteElo "2774"]
[BlackElo "2519"]
[TimeControl "180+1"]
[EndTime "10:05:41 PDT"]
[Termination "Game drawn by repetition"]

1. e4 c5 2. Nc3 Nc6 3. f4 g6 4. Nf3 Bg7 5. Bc4 e6 6. f5 Nge7 7. fxe6 fxe6 8. d3 d5 9. exd5 exd5 10. Bb3 O-O 11. O-O Kh8 12. Ng5 Bd4+ 13. Kh1 Bg4 14. Qe1 Bf5 15. Bd2 Bf6 16. Ne6 Bxe6 17. Qxe6 Nd4 18. Qh3 Nxb3 19. axb3 Nf5 20. g4 Nd4 21. Bh6 Bg7 22. Bxg7+ Kxg7 23. Rxf8 Qxf8 24. Rf1 Qd6 25. Qg2 Rf8 26. Rxf8 Kxf8 27. Nxd5 Nxc2 28. g5 Kg7 29. Nf6 Qc6 30. Ne4 Nd4 31. Qg3 Nf5 32.
Qe5+ Kf7 33. Kg1 b6 34. Nf6 Qe6 35. Qc7+ Qe7 36. Qxe7+ Kxe7 37. Nxh7 Nd4 38. Nf6 Nxb3 39.
Kf2 a5 40. Ke3 Ke6 41. h4 Nd4 42. Ne4 Nf5+ 43. Kd2 Nxh4 44. Kc3 Nf3 45. Kc4 Kf5 46. Nd6+ Kxg5 47. Nc8 Ne5+ 48. Kb5 Nxd3 49. b3 Kf4 50. Nxb6 g5 51. Kc4 Ke3 52. Nd5+ Kd2 53. Nf6 Kc2 54. Ng4 Kd2 55. Nf6 Kc2 56. Ng4 Kd2 57. Nf6 1/2-1/2

[Event "Early-Titled-Tuesday-Blitz-October-10-2023"]
[Site "Chess.com"]
[Date "2023.10.10"]
[Round "11"]
[White "Harry_Rakkel"]
[Black "Beca95"]
[Result "1-0"]
[WhiteElo "2671"]
[BlackElo "2863"]
[TimeControl "180+1"]
[EndTime "10:05:51 PDT"]
[Termination "Harry_Rakkel won by resignation"]

1. e4 e5 2. Nf3 Nc6 3. Bc4 Nf6 4. Ng5 d5 5. exd5 b5 6. Bf1 Nxd5 7. Bxb5 Bb7 8. d4 exd4 9. O-O Be7 10. Nf3 O-O 11.
Bxc6 Bxc6 12. Nxd4 Bb7 13. Nf5 Bf6 14. c3 c5 15. Na3 Qd7 16. Ne3 Rad8 17. Nxd5 Bxd5 18. f3 Qb7 19. Qc2 Be6 20. Be3 Rd5 21. Rad1 Rh5 22.
Bf4 Bxa2 23. Qf2 Bb3 24. Rd2 Rd5 25. Rxd5 Qxd5 26. Nb5 a5 27. Re1 g5 28. Bd6 Rc8 29. h4 h6 30. hxg5 hxg5 31. Be7 Bg7 32. Nd6 Rc6 33. Ne4 Re6 34. Nxc5 Rxe1+ 35. Qxe1 a4 36. Nxb3 axb3 37. Ba3 Kh7 38. Qe4+ Qxe4 39. fxe4 Kg6 40. Kf2 g4 41. Ke3 Be5 42. c4 Kf6 43. c5 Ke6 44. Kd3 f5 45. exf5+ Kxf5 46. Kc4 Kf4 47. c6 Kg3 48.
Kxb3 Kxg2 49. Kc4 Kf3 50. Bc5 g3 51. b4 g2 52. b5 Bg3 53. b6 Bf2 54. Bxf2 Kxf2 55.
b7 g1=Q 56. b8=Q Qc1+ 57. Kd5 Qd2+ 58. Ke6 Qh6+ 59. Kd7 Qg7+ 60. Kc8 Qf8+ 61. Kb7 Qb4+ 62. Kc7 Qf4+ 63. Kc8 Qf8+ 64. Kb7 Qb4+ 65. Ka8 Qa4+ 66. Qa7+ Qxa7+ 67. Kxa7 1-0

[Event "Early-Titled-Tuesday-Blitz-October-10-2023"]
[Site "Chess.com"]
[Date "2023.10.10"]
[Round "11"]
[White "fastestmindalive"]
[Black "Mr_Lion22"]
[Result "0-1"]
[WhiteElo "2698"]
[BlackElo "2517"]
[TimeControl "180+1"]
[EndTime "10:05:51 PDT"]
[Termination "Mr_Lion22 won by checkmate"]

1. e4 c5 2. Nc3 d6 3. Nge2 Nf6 4. d4 cxd4 5. Nxd4 a6 6. a4 e5 7. Nf3 Qc7 8. Bg5 Nbd7 9. Nd2 h6 10. Bh4 Be7 11.
Bc4 O-O 12. Ba2 b6 13. g4 g5 14. Bxg5 hxg5 15. h4 Nh7 16. Nd5 Qd8 17. Nc4 Ndf6 18. Ncxb6 Rb8 19. Nxc8 Rxc8 20. Qf3 Nxd5 21. Bxd5 gxh4 22.
Qf5 Bg5 23. c3 Qf6 24. Ke2 Kg7 25. Rh3 Rh8 26. b4 Bf4 27. Bb7 Rb8 28. Bxa6 Qxf5 29. gxf5 Ng5 30. Rg1 Kf6 31. Rxg5 Kxg5 32. Bc4 Kg4 33.
Rh1 h3 34. Bxf7 h2 35. Be6 Kg5 36. a5 Rh3 37. f3 Rh7 38. a6 Ra7 39. Bc4 Rc8 40.
Kd3 Rac7 41. a7 Rxc4 42. Rc1 Bxc1 43. Kc2 Rxc3+ 44. Kb1 Rb3+ 45. Ka2 Rb2+ 46. Ka3 Ra8 47. Ka4 Rxa7+ 48. Kb5 Rc7 49. Kb6 Rc4 50. b5 Be3+ 51.
Ka6 h1=Q 52. f6 Qa1+ 53. Kb7 Rxb5# 0-1

[Event "Early-Titled-Tuesday-Blitz-October-10-2023"]
[Site "Chess.com"]
[Date "2023.10.10"]
[Round "11"]
[White "BardArtem"]
[Black "fu24"]
[Result "0-1"]
[WhiteElo "2813"]
[BlackElo "2653"]
[TimeControl "180+1"]
[EndTime "10:05:56 PDT"]
[Termination "fu24 won by resignation"]

1. e4 g6 2. d4 Bg7 3. Nc3 d6 4.
Nf3 a6 5. a4 b6 6. Bc4 e6 7. O-O Bb7 8. Re1 Nd7 9. h3 Ne7 10.
Be3 h6 11. Qd2 c6 12. Rad1 Qc7 13. Bd3 b5 14. axb5 axb5 15. Ra1 g5 16. d5 Rxa1 17.
Rxa1 exd5 18. exd5 b4 19. dxc6 bxc3 20. cxd7+ Kxd7 21. Qd1 cxb2 22. Rb1 Ra8 23. Nd4 Qc3 24. Qg4+ Ke8 25. Nb5 Qc6 26. Nd4 Ra1 27. c4 Rxb1+ 28. Bxb1 Qxc4 29. Qd1 Qd5 30. f3 Nc6 31. Be4 Qc5 32. Nf5 Qc3 33. Nxg7+ Qxg7 34. Qb3 Nd8 35. Bxb7 Qe5 36. Be4 f5 37. Bc6+ Nxc6 38. Qg8+ Kd7 39.
Qf7+ Ne7 40. Qb3 Qxe3+ 41. Qxe3 b1=Q+ 42. Kh2 Qb5 43. Qa7+ Ke6 44. Qa2+ Qd5 45. Qa7 Qe5+ 46. Kh1 h5 47. Qa8 g4 48. fxg4 hxg4 49. hxg4 fxg4 50.
Qa2+ Nd5 51. Qa8 Ne7 52. Qa2+ d5 53. Qa6+ Kf5 54. Qf1+ Qf4 55. Qb1+ Qe4 56. Qf1+ Ke5 57. Qa1+ d4 58. Qa5+ Nd5 59. Qa1 g3 60. Qc1 Qh4+ 61.
Kg1 Qh2+ 62. Kf1 Qh1+ 63. Ke2 Qxc1 64. Kd3 Qe3+ 65. Kc4 Qc3+ 66. Kb5 d3 0-1

[Event "Early-Titled-Tuesday-Blitz-October-10-2023"]
[Site "Chess.com"]
[Date "2023.10.10"]
[Round "11"]
[White "Lion-Al-Messi"]
[Black "Barmen_EV"]
[Result "1-0"]
[WhiteElo "2635"]
[BlackElo "2509"]
[TimeControl "180+1"]
[EndTime "10:05:57 PDT"]
[Termination "Lion-Al-Messi won by checkmate"]

1. e4 c5 2. Nf3 Nc6 3. d4 cxd4 4. Nxd4 e5 5. Nb5 d6 6. c4 a6 7. N5c3 Be6 8. Nd5 Nf6 9. Nbc3 Be7 10. Be2 O-O 11. O-O Rc8 12. Be3 Nd7 13. Qd2 f5 14.
exf5 Bxf5 15. Rad1 Bf6 16. Nxf6+ Nxf6 17. Qxd6 Qa5 18.
Qc5 Qxc5 19. Bxc5 Rfd8 20. Bb6 Rxd1 21. Rxd1 Ne7 22. Rd8+ Rxd8 23. Bxd8 Kf7 24. c5 Be6 25. Bc7 Nc6 26. Bf3 Nd7 27. Ne4 Bxa2 28. Nd6+ Ke6 29.
Nxb7 Nd4 30. Bg4+ Ke7 31. Bxd7 Kxd7 32. Bxe5 Ne6 33. b4 Kc6 34. Na5+ Kb5 35. c6 Ng5 36. c7 Be6 37. Nb7 Nf7 38. Nd8 Bd7 39. Nxf7 Kxb4 40. Nd6 a5 41. c8=Q Bxc8 42. Nxc8 a4 43. Bxg7 Kb3 44.
h4 a3 45. h5 a2 46. h6 Kc4 47. Ne7 Kc5 48. Ba1 Kd6 49. Nf5+ Ke6 50. g4 Kf7 51.
f4 Kg6 52. Kg2 Kf7 53. Kg3 Kg6 54. Kh4 Kf7 55. Kg5 Kg8 56. Kf6 Kf8 57. Ne7 Ke8 58. Ng6 Kd7 59. Kg7 Ke8 60. Kxh7 Kf7 61. Ne5+ Kf8 62.
Kg6 Ke8 63. h7 Ke7 64. h8=Q Kd6 65. Qd8+ Kc5 66. Nd3+ Kc4 67. Qd4+ Kb3 68. Qc3+ Ka4 69. Qb4# 1-0

[Event "Early-Titled-Tuesday-Blitz-October-10-2023"]
[Site "Chess.com"]
[Date "2023.10.10"]
[Round "11"]
[White "akanga001"]
[Black "LamaChampetre"]
[Result "1-0"]
[WhiteElo "2050"]
[BlackElo "2221"]
[TimeControl "180+1"]
[EndTime "10:06:02 PDT"]
[Termination "akanga001 won by resignation"]

1. e4 c5 2. d3 Nc6 3. Nd2 g6 4. Ngf3 Bg7 5. g3 d5 6. Bg2 Nf6 7. O-O O-O 8. Re1 Bg4 9. h3 Be6 10. Qe2 h6 11. a3 Qd7 12. g4 b5 13. Nf1 a5 14. Be3 dxe4 15. Nh4 exd3 16. cxd3 Qd6 17. Ng3 Rac8 18. Qd2 Kh7 19. Rac1 Nd4 20. Qd1 Bd5 21. Ne4 Nxe4 22. dxe4 Bb3 23. Qd2 Be6 24. Qxa5 Nb3 25. Qxb5 Nxc1 26. Rxc1 Rb8 27. Qxc5 Qxc5 28. Bxc5 Bxb2 29.
Rc2 Bf6 30. Nf3 Rfc8 31. e5 Bg7 32. g5 h5 33. Rc3 Rb1+ 34. Kh2 Rb5 35. Bb4 Rxc3 36.
Bxc3 Bd5 37. Bb4 Bxf3 38. Bxf3 Bxe5+ 39. Kg2 Bd6 40. Be2 Rxg5+ 41. Kf3 Bxb4 42. axb4 Rf5+ 43. Ke3 Re5+ 44. Kd3 Re6 45. b5 Kg7 46. Bf3 Kf6 47. Kc4 Ke5 48. Kc5 Kf4 49. Bd5 Rd6 50. b6 Ke5 51. Bxf7 g5 52. b7 Rd8 53. Bxh5 e6 54. Bf3 Kf4 55. Bg4 e5 56. Kc6 Rb8 57.
Kc7 Rxb7+ 58. Kxb7 e4 59. Kc6 e3 60. fxe3+ Kxe3 61. Kd6 Kf4 62. Ke6 Kg3 63. Kf6 Kh4 64. Kg6 Kg3 65. Kxg5 1-0

[Event "Early-Titled-Tuesday-Blitz-October-10-2023"]
[Site "Chess.com"]
[Date "2023.10.10"]
[Round "11"]
[White "TregubovP"]
[Black "c63_amg"]
[Result "0-1"]
[WhiteElo "2593"]
[BlackElo "2792"]
[TimeControl "180+1"]
[EndTime "10:06:05 PDT"]
[Termination "c63_amg won on time"]

1. e4 c5 2. Nf3 d6 3. Bb5+ Nd7 4.
Ba4 Nf6 5. O-O g6 6. Re1 Bg7 7. c3 O-O 8. d4 cxd4 9. cxd4 a6 10. Bb3 e5 11. dxe5 dxe5 12. Nc3 b5 13. Bg5 Bb7 14. Bd5 Bxd5 15. Nxd5 h6 16. Bxf6 Nxf6 17. Nxe5 Nxd5 18. Qxd5 Qg5 19. f4 Qh5 20. Nc6 Qg4 21. f5 Kh7 22. h3 Qf4 23. Re2 Rae8 24. Rf1 Qg5 25. Qd3 Qf6 26.
Nb4 Qd4+ 27. Qxd4 Bxd4+ 28. Kh1 gxf5 29. Rxf5 Rc8 30. Nxa6 Rc1+ 31. Kh2 Rg8 32. g4 Rgc8 33. Rxf7+ Kg6 34. Rf3 Be5+ 35. Kg2 Rb1 36. Nb4 Rcc1 37. Nd5 Rg1+ 38. Kf2 Bd4+ 39. Ree3 Rbf1+ 40. Ke2 Re1+ 41. Kd3 Bxe3 42. Nxe3 Rb1 43. b3 Rb2 44. Rf5 Rg3 45. Rxb5 Rxh3 46. Kd4 Rd2+ 47. Kc3 Re2 48. Rb6+ Kg5 49.
Rb5+ Kg6 50. Rb6+ Kf7 51. Kd4 Rexe3 52. Ke5 Rd3 53. Rb7+ Kg6 54. Rb6+ Kg5 55. Rb8 Rhe3 56. Rg8+ Kh4 57. Rg6 Rd2 58. Rxh6+ Kxg4 59. Rg6+ Kh5 60. Rg8 Rxa2 61. b4 Rb2 62. Rb8 Rbe2 63. b5 Rxe4+ 64. Kd5 Re5+ 65. Kc6 Rc2+ 66. Kb6 Re6+ 67. Ka7 Ra2+ 68.
Kb7 Re7+ 69. Kc6 Rc2+ 70. Kd6 Rg7 71. b6 Rg6+ 72. Kd7 Rf2 73. b7 Rf7+ 74. Ke8 Rg8+ 75.
Kxf7 Rxb8 0-1